 Dungeon Crawl Stone Soup version 0.29.1-2-gbd0b4ee654 (webtiles) character file.

Game seed: 899360549057617267

212 Ivernyr the Changer (level 5, 0/35 HPs)
             Began as an Octopode Transmuter on Oct 31, 2022.
             Was an Initiate of Cheibriados.
             Slain by an orc priest
             ... wielding a +0 dagger
              (4 damage)
             ... on level 4 of the Dungeon.
             The game lasted 00:07:14 (3222 turns).

Ivernyr the Changer (Octopode Transmuter)           Turns: 3222, Time: 00:07:14

Health: 0/35       AC:  2    Str: 11    XL:     5   Next: 90%
Magic:  5/9        EV: 20    Int: 18    God:    Cheibriados [......]
Gold:   178        SH:  0    Dex: 24    Spells: 4/10 levels left

rFire   . . .      SeeInvis .     - Unarmed
rCold   . . .      Faith    .   (shield currently unavailable)
rNeg    . . .      Spirit   .   (helmet currently unavailable)
rPois   x          Reflect  .   (no amulet)
rElec   .          Harm     .   k - +6 ring of dexterity
rCorr   .          Rampage  .   (no ring)
Will    .....                   (no ring)
Stlth   ++........              (no ring)
HPRegen 0.11/turn               (no ring)
MPRegen 0.11/turn               (no ring)
                                (no ring)
                                (no ring)

@: spider-form (expiring), very slow
A: venomous fangs, almost no armour, (amphibious), 8 rings, tiny, (camouflage
1), (gelatinous body 1), (nimble swimmer 1), (tentacles)
a: End Transformation, Renounce Religion


You were on level 4 of the Dungeon.
You worshipped Cheibriados.
Cheibriados was noncommittal.
You were a venomous arachnid creature.
You visited 2 branches of the dungeon, and saw 5 of its levels.

You collected 178 gold pieces.

Inventory:

Jewellery
 k - a +6 ring of dexterity (left front leg)
 l - a ring of fire
Wands
 n - a wand of paralysis (5)
Scrolls
 e - 6 scrolls of identify {unknown}
 g - a scroll of teleportation {unknown}
 j - a scroll of fog {unknown}
 o - a scroll of vulnerability {unknown}
 p - a scroll of blinking {unknown}
Potions
 a - a potion of lignification
 b - 3 potions of curing {unknown}
 c - 2 potions of degeneration {unknown}
 d - 2 potions of attraction {unknown}
 f - a potion of cancellation {unknown}
 h - 3 potions of invisibility {unknown}
 i - 2 potions of heal wounds {unknown}
 m - 2 potions of might {unknown}


   Skills:
 + Level 2.5 Fighting
 - Level 2.0 Dodging
 + Level 3.9 Unarmed Combat
 + Level 3.0 Spellcasting
 * Level 4.0 Transmutations


You had 4 spell levels left.
You knew the following spells:

 Your Spells              Type           Power      Damage    Failure   Level
a - Beastly Appendage     Tmut           34%        N/A       11%         1
b - Wereblood             Tmut           17%        N/A       14%         2
c - Spider Form           Tmut/Pois      9%         N/A       43%         3

Your spell library contained the following spells:

 Spells                   Type           Power      Damage    Failure   Level
 Passwall                 Tmut/Erth      7%         N/A       26%         2
 Ensorcelled Hibernation  Hex/Ice        4%         N/A       45%         2
 Call Canine Familiar     Summ           2%         N/A       65%         3
 Portal Projectile        Hex/Tloc       4%         N/A       65%         3
 Swiftness                Air            2%         N/A       65%         3
 Ice Form                 Ice/Tmut       9%         N/A       77%         4
 Leda's Liquefaction      Hex/Erth       1%         N/A       95%         4


Dungeon Overview and Level Annotations

Branches:
Dungeon (4/15)             Temple (1/1) D:4

Altars:
Ashenzari
Cheibriados
Dithmenos
Fedhas
Gozag
Makhleb
Nemelex Xobeh
Okawaru
Trog
Uskayaw
Vehumet
Yredelemnul


Innate Abilities, Weirdness & Mutations

You are a venomous arachnid creature.
You have poisonous fangs.
You are tiny and dextrous.
Your spellcasting is less reliable in this form.
Your armour is entirely melded.
You are incapable of wielding weapons or throwing items.
You cannot wear most types of armour.
((You are amphibious.))
You can wear up to eight rings at the same time.
((Your skin changes colour to match your surroundings (Stealth+).))
((Your rubbery body absorbs attacks. (AC +1, EV +1)))
((You are camouflaged when in or above water. (Stealth+)))
((You have tentacles for arms and can constrict up to eight enemies at once.))


Message History

You are very lightly contaminated with residual magic.
Nothing appears to happen.
You hit the orc.
The orc is poisoned.
The orc is lightly wounded.
You hit the orc.
The orc is poisoned.
The orc is moderately wounded.
The orc hits you with a +0 flail! The orc hits you but does no damage.
You barely miss the orc.
The orc is heavily wounded.
The orc hits you with a +0 whip. The orc closely misses you.
You hit the orc.
You kill the orc!
Cheibriados thoroughly appreciates the change of pace.
The orc misses you.
You hit the orc.
The orc looks as sick as possible!
The orc is almost dead.
You kill the orc!
Cheibriados appreciates the change of pace.
Your Transmutations skill increases to level 4!
Your transformation is almost over.
The orc priest begins to cast a cantrip, but forgets the words!
Your magical contamination has completely faded away.
Things that are here:
a +0 flail; 2 boomerangs You barely miss the orc priest.
The orc priest misses you.
You barely miss the orc priest.
The orc priest mumbles some strange prayers to Beogh against you.
Pain shoots through your body!
* * * LOW HITPOINT WARNING * * *
You hit the orc priest.
The orc priest is lightly wounded.
The orc priest looks satisfied for a moment.
You hit the orc priest.
The orc priest is moderately wounded.
The orc priest hits you with a +0 dagger.
* * * LOW HITPOINT WARNING * * *
You hit the orc priest but do no damage.
The orc priest is moderately wounded.
The orc priest hits you with a +0 dagger.
You die...

### ### ..# .##.. #####
#######.## .>.... ... ...
... ..#...####.# #.# #.#
....<...o#.#####.####.####
.........s)...........)...
...#####.#.##.......#.####
#.#.##.......#.####
..#.##.......#.....
####.##.......######
#.##.......# #...
#.##.......# #...
#.#####.#### #... #.# #...


You could see an orc priest.

Vanquished Creatures
  A scorpion (D:4)
  8 adders
  5 orcs
  4 endoplasms
  5 giant cockroaches
  11 goblins
  4 hobgoblins
  7 jackals
  8 kobolds
  5 quokkas
  5 ball pythons
  5 bats
  3 frilled lizards
  6 rats
77 creatures vanquished.

Vanquished Creatures (others)
  4 fungi (D:2)
4 creatures vanquished.

Grand Total: 81 creatures vanquished

Notes
Turn   | Place    | Note
-------+----------+-------------------------------------------
     0 | D:1      | Ivernyr the Octopode Transmuter began the quest for the
                  | Orb.
     0 | D:1      | Reached XP level 1. HP: 13/13 MP: 3/3
   256 | D:1      | Reached XP level 2. HP: 15/18 MP: 5/5
   318 | D:1      | Learned a level 2 spell: Wereblood
   595 | D:1      | Reached XP level 3. HP: 22/23 MP: 2/6
  1385 | D:2      | Reached skill level 3 in Transmutations
  1385 | D:2      | Reached XP level 4. HP: 29/29 MP: 5/7
  1410 | D:2      | Learned a level 3 spell: Spider Form
  1567 | D:2      | Found a faded altar of an unknown god.
  2136 | D:3      | Reached XP level 5. HP: 29/34 MP: 9/9
  2856 | D:3      | Found a shadowy altar of Dithmenos.
  2856 | D:3      | Found an opulent altar of Gozag.
  3002 | D:4      | Found a staircase to the Ecumenical Temple.
  3055 | Temple   | Entered the Ecumenical Temple
  3099 | Temple   | Became a worshipper of Cheibriados the Contemplative
  3217 | D:4      | Reached skill level 4 in Transmutations
  3222 | D:4      | Slain by an orc priest

Illustrated notes

Levels and vault maps discovered:
D:1:      minmay_arrival_stair_chambers, layout_loops_cross,
          serial_park_tiny_pond, minmay_close_crescents
D:2:      layout_basic, ebering_ecumenical_altar_webs,
          dreamdust_mushroom_princess
D:3:      layout_basic, gammafunk_temple_overflow_pools,
          kennysheep_generic_room_9
D:4:      layout_basic, minmay_temple_entry_drinking_statues
Temple:   nicolae_temple_two_arcs

Skill      XL: |  1  2  3  4  5 |
---------------+----------------+-----
Transmutations | 3 4 |  4.0
Fighting       | 2 |  2.5
Spellcasting   | 3 |  3.0
Dodging        | |  2.0
Unarmed Combat | |  3.9

Action                   |  1- 3 |  4- 6 || total
-------------------------+-------+-------++-------
Melee: Unarmed           |    81 |    96 ||   177
       Tentacles         |    22 |    12 ||    34
       Constrict         |    21 |    20 ||    41
       Punch             |     3 |     1 ||     4
       Kick              |     6 |     7 ||    13
 Cast: Beastly Appendage |     5 |     7 ||    12
       Wereblood         |     2 |     2 ||     4
       Spider Form       |       |     2 ||     2
 Stab: Sleeping          |     3 |     6 ||     9
Armor: Skin              |     8 |     4 ||    12
Dodge: Dodged            |    44 |    61 ||   105
